 Dungeon Crawl Stone Soup version 0.28.0-53-g5a82cb258f (console) character file.

Game seed: 2925419997978893025

633 Banquo the Chopper (level 7, -13/41 HPs)
             Began as a Gargoyle Fighter on Aug 1, 2022.
             Mangled by an ogre
             ... wielding a +0 giant club
              (17 damage)
             ... on level 4 of the Dungeon.
             The game lasted 00:09:55 (3776 turns).

Banquo the Chopper (Gargoyle Fighter)               Turns: 3776, Time: 00:09:55

Health: -13/41     AC: 11    Str: 20    XL:     7   Next: 49%
Magic:  7/7        EV:  9    Int:  8    God:
Gold:   175        SH:  4    Dex: 11    Spells: 6/6 levels left

rFire   . . .      SeeInvis .   a - +0 war axe
rCold   . . .      Faith    .   c - +0 buckler
rNeg    + . .      Spirit   .   b - +0 scale mail
rPois   ∞          Reflect  .   (no helmet)
rElec   +          Harm     .   (no cloak)
rCorr   .          Rampage  .   (no gloves)
Will    .....                   (no boots)
Stlth   ..........              e - amulet of regeneration
HPRegen 0.93/turn               (no ring)
MPRegen 0.10/turn               (no ring)

@: no status effects
A: sickness immunity, AC +4, negative energy resistance 1, electricity
resistance, torment resistance 1, petrification resistance
a: no special abilities


You were on level 4 of the Dungeon.
You visited 1 branch of the dungeon, and saw 4 of its levels.

You collected 175 gold pieces.

Inventory:

Hand Weapons
 a - a +0 war axe (weapon)
 i - a +0 trident
 o - a +1 vampiric whip
 q - a +0 war axe
 v - a +0 morningstar of venom
Missiles
 m - 4 javelins (quivered)
 r - 2 boomerangs
 u - 17 stones
Armour
 b - a +0 scale mail (worn)
 c - a +0 buckler (worn)
Jewellery
 e - an amulet of regeneration (around neck)
Scrolls
 g - a scroll of fear {unknown}
 h - a scroll of magic mapping {unknown}
 s - 2 scrolls of teleportation {unknown}
 t - a scroll of identify {unknown}
Potions
 d - a potion of might
 f - a potion of cancellation {unknown}
 j - a potion of curing {unknown}
 k - 3 potions of haste {unknown}
 l - 2 potions of heal wounds {unknown}
 n - a potion of flight {unknown}
 p - a potion of mutation {unknown}


   Skills:
 - Level 3.2 Fighting
 + Level 7.4 Axes
 - Level 3.2 Armour
 - Level 3.2 Shields


You had 6 spell levels left.
You didn't know any spells.
Your spell library was empty.

Dungeon Overview and Level Annotations

Branches:
Dungeon (4/15)
 Temple: D:4-7

Altars:
Cheibriados
Gozag
Wu Jian


Innate Abilities, Weirdness & Mutations

You are immune to sickness and miasma.
Your stone body is resilient. (AC +4)
You are immune to poison.
You resist negative energy. (rN+)
You are resistant to electric shocks. (rElec)
You are resistant to unholy torment.
You are immune to petrification.


Message History

The ogre hits you with a +0 giant club!
You hit the ogre but do no damage.
The ogre is almost dead.
You slash the ogre!
You kill the ogre!
There is a stone staircase leading up here.
You start resting.
HP restored.
Things that are here:
a +0 giant club; an ogre corpse You barely miss the ogre.
The ogre barely misses you.
You slash the ogre!
The ogre is moderately wounded.
The ogre barely misses you.
You hit the ogre.
The ogre is heavily wounded.
The ogre hits you with a +0 giant club!!
You slash the ogre!
The ogre is severely wounded.
The ogre hits you with a +0 giant club.
You hit the ogre.
The ogre is severely wounded.
You block the ogre's attack.
You hit the ogre.
The ogre is severely wounded.
You hit the ogre.
The ogre is almost dead.
The ogre closely misses you.
You hit the ogre but do no damage.
The ogre is almost dead.
The ogre barely misses you.
You barely miss the ogre.
The ogre is severely wounded.
The ogre hits you with a +0 giant club!!
Ouch! That really hurt!
* * * LOW HITPOINT WARNING * * *
You hit the ogre.
The ogre is almost dead.
The ogre hits you with a +0 giant club!
You die...

#....## ##.........#
......#####.......##
.####...##........#
## ###.....###..##
#### ####..# #..#
##... # ######..#
##)# #######....
#####[......# #.#
##..........
...........## ##.#
##...........
#.).######## #.@#
##..###....### #####
#O.###..## #.(.##
##....##..## #..##
#...###..## #..#
####..# ##.# ##.##
..... #)## #..####
#.... ##.# ##......
##..# ##.# ##..#####
#..## ##.## #...##


You could see an ogre.

Vanquished Creatures
  Sigmund (D:3)
  A necrophage (D:3)
  An ogre (D:4)
  A scorpion (D:4)
  A bullfrog skeleton (D:4)
  10 gnolls
  2 adders
  3 dart slugs
  11 orcs
  3 bats
  6 endoplasms
  3 giant cockroaches
  3 goblins
  5 hobgoblins
  7 jackals
  3 kobolds
  6 quokkas
  3 ball pythons
  5 frilled lizards
  7 rats
82 creatures vanquished.

Vanquished Creatures (others)
  A plant (D:1)
1 creature vanquished.

Grand Total: 83 creatures vanquished

Notes
Turn   | Place    | Note
-------+----------+-------------------------------------------
     0 | D:1      | Banquo the Gargoyle Fighter began the quest for the Orb.
     0 | D:1      | Reached XP level 1. HP: 14/14 MP: 1/1
    28 | D:1      | Reached skill level 2 in Axes
   294 | D:1      | Reached XP level 2. HP: 17/19 MP: 2/2
   655 | D:1      | Reached skill level 3 in Axes
   719 | D:1      | Found a faded altar of an unknown god.
   783 | D:1      | Reached XP level 3. HP: 23/23 MP: 3/3
  1335 | D:2      | Reached XP level 4. HP: 24/28 MP: 4/4
  1337 | D:2      | Reached skill level 4 in Axes
  1931 | D:3      | Noticed Sigmund
  2169 | D:3      | Reached XP level 5. HP: 6/32 MP: 5/5
  2548 | D:3      | Noticed a necrophage
  2564 | D:3      | Killed a necrophage
  2565 | D:3      | Reached skill level 5 in Axes
  2565 | D:3      | Reached XP level 6. HP: 28/37 MP: 6/6
  2720 | D:3      | Killed Sigmund
  2721 | D:3      | Reached skill level 6 in Axes
  2990 | D:4      | Reached XP level 7. HP: 41/41 MP: 7/7
  3126 | D:4      | Found a snail-covered altar of Cheibriados.
  3331 | D:4      | Found an ornate altar of the Wu Jian Council.
  3337 | D:4      | Noticed a spectral centipede
  3337 | D:4      | Noticed a spectral black mamba
  3337 | D:4      | Noticed a spectral cane toad
  3582 | D:4      | Reached skill level 7 in Axes
  3636 | D:4      | Found an opulent altar of Gozag.
  3776 | D:4      | Mangled by an ogre

Illustrated notes

Levels and vault maps discovered:
D:1:      sevenhm_arrival_forest_fort_small_4, layout_basic,
          shapermc_ecumenical_altar_mp_ritualfount
D:2:      layout_loops_ring, kennysheep_generic_room_15
D:3:      layout_loops_ring, kennysheep_generic_room_3, uniq_sigmund
D:4:      layout_layer_cave, pdpol_wu_jian_five_deadly_venoms,
          mainiacjoe_overflow_small_starburst,
          mainiacjoe_overflow_concentric_impassable

Skill      XL: |  1  2  3  4  5  6  7 |
---------------+----------------------+-----
Axes           | 2 3 4 5 6 7 |  7.4
Fighting       | |  3.2
Armour         | |  3.2
Shields        | |  3.2

Action                   |  1- 3 |  4- 6 |  7- 9 || total
-------------------------+-------+-------+-------++-------
Melee: War axe           |    83 |    94 |    74 ||   251
Armor: Scale mail        |    38 |    42 |    21 ||   101
Dodge: Dodged            |    42 |    39 |    33 ||   114
Block: Buckler           |    18 |    15 |    10 ||    43
